Map: Vaani Research Station (Void)

Players

Nerchio - Winner!

  • Race: Zerg Zerg
  • League: Grandmaster
  • Spawn Location: 6:00

lIIllllIIlll (INnoVation)

  • Race: Terran Terran
  • League: Diamond
  • Spawn Location: 12:00

Event: NationWars IV

VOD

Have the link to the VOD?

Description

Time

  • Played on: Jan. 21, 2017, 5:45 p.m.
  • Length: 4:26

All games in this series

Show
View Real Time Build Order
Export as new Build Order

Nerchio Zerg - Winner!

Build Orders: Pool First 

Get SALT Encoding   

  12  0:00  Drone  
  13  0:13  Overlord  
  13  0:18  Drone  
  14  0:31  Drone x2  
  14  0:35  Drone  
  17  0:41  Extractor  
  16  0:45  Drone  
  17  0:51  Spawning Pool  
  17  0:56  Drone  
  17  1:17  Hatchery  
  16  1:22  Drone  
  16  1:25  Drone  
  18  1:39  Roach Warren  
  17  1:41  Zergling x2  
  18  1:52  Queen  
  20  1:56  Drone  
  21  2:04  Overlord  
  21  2:23  Roach x3  
  21  2:29  Roach  
  29  2:35  Roach  
  31  2:40  Roach  
  33  2:49  Overlord  
  33  2:59  Drone  
  33  3:00  Drone  
  35  3:07  Queen  
  36  3:14  Drone x3  
  39  3:21  Ravager x2  
  39  3:22  Ravager  
  39  3:23  Drone  
  43  3:27  Overlord  
  43  3:31  Drone  
  44  3:46  Overlord  
  44  3:50  Ravager  
  44  3:51  Drone x4  
  44  3:52  Drone  
  50  3:57  Drone  
  50  4:02  Drone  
Show
View Real Time Build Order
Export as new Build Order

lIIllllIIlll Terran 

Build Orders: Liberator Opening, Reaper Expand 

Get SALT Encoding   

  12  0:00  SCV  
  13  0:13  SCV  
  14  0:18  Supply Depot  
  14  0:25  SCV  
  15  0:29  Refinery  
  15  0:39  SCV  
  16  0:45  Barracks  
  16  0:51  SCV  
  17  1:03  SCV  
  18  1:15  SCV  
  19  1:32  Orbital Command, Reaper  
  20  1:44  Command Center  
  20  1:56  Factory  
  20  1:58  SCV  
  21  2:07  Barracks Reactor  
  21  2:10  SCV  
  21  2:14  Supply Depot  
  22  2:16  Refinery  
  22  2:23  SCV  
  23  2:36  SCV  
  24  2:41  Hellion  
  26  2:48  SCV  
  26  2:50  Starport  
  27  2:56  Orbital Command  
  27  3:00  SCV  
  28  3:09  Hellion x2  
  32  3:12  SCV, Liberator  
  32  3:17  Marine  
  34  3:24  SCV  
  34  3:25  SCV  
  34  3:26  Supply Depot  
  41  3:38  Marine  
  42  3:42  Cyclone  
  42  3:45  SCV x2  
  42  3:50  Supply Depot  
  40  3:56  Marine  
  40  3:57  SCV  
  40  3:58  SCV  
Tags
 
Add a new tag
Caveats
  • Supply blocks, unpowered buildings, or Contaminate may cause inaccurate times.
  • Supply counts are checked every 10 seconds.